 Dungeon Crawl Stone Soup version 0.29.1-1-gd02db6906a (webtiles) character file.

Game seed: 16827090610383101454

53 quakins the Stinger (level 3, 0/28 HPs)
             Began as a Naga Venom Mage on Oct 11, 2022.
             Frozen to death by an endoplasm (4 damage)
             ... on level 2 of the Dungeon.
             The game lasted 00:05:00 (3214 turns).

quakins the Stinger (Naga Venom Mage)               Turns: 3214, Time: 00:05:00

Health: 0/28       AC:  2    Str: 10    XL:     3   Next: 87%
Magic:  0/8        EV:  9    Int: 17    God:
Gold:   19         SH:  0    Dex: 11    Spells: 6/9 levels left

rFire   . . .      SeeInvis +   h - +0 mace
rCold   . . .      Faith    .   (no shield)
rNeg    . . .      Spirit   +   a - +0 robe
rPois   +          Reflect  .   (no helmet)
rElec   .          Harm     .   (no cloak)
rCorr   .          Rampage  .   (no gloves)
Will    .....                   (no barding)
Stlth   ++........              i - amulet of guardian spirit
HPRegen 0.09/turn               (no ring)
MPRegen 0.11/turn               (no ring)

@: very slow
A: AC +1, large, see invisible, deformed body, poison resistance, slowness 2,
spit poison 1, naga tail 1
a: Spit Poison


You were on level 2 of the Dungeon.
You visited 1 branch of the dungeon, and saw 3 of its levels.

You collected 19 gold pieces.

Inventory:

Hand Weapons
 h - a +0 mace (weapon)
Armour
 a - a +0 robe (worn)
Jewellery
 i - an amulet of guardian spirit (around neck)
Scrolls
 c - a scroll of fog {unknown}
 d - 4 scrolls of identify {unknown}
 j - 3 scrolls of teleportation {unknown}
 k - a scroll of noise {unknown}
 l - a scroll of fear {unknown}
 m - a scroll of blinking {unknown}
 n - a scroll of poison {unknown}
Potions
 b - a potion of magic
 e - a potion of curing {unknown}
 f - 2 potions of brilliance {unknown}
 g - a potion of resistance {unknown}


   Skills:
 - Level 1.5 Dodging
 - Level 3.0 Stealth
 + Level 3.8 Spellcasting
 - Level 1.0 Transmutations
 - Level 4.0 Poison Magic


You had 6 spell levels left.
You knew the following spells:

 Your Spells              Type           Power      Damage    Failure   Level
a - Sting                 Tmut/Pois      44%        1d5       6%          1
b - Poisonous Vapours     Pois/Air       20%        N/A       11%         2

Your spell library contained the following spells:

 Spells                   Type           Power      Damage    Failure   Level
 Necrotise                Necr           12%        1d4       16%         1
 Sublimation of Blood     Necr           3%         N/A       24%         2
 Mephitic Cloud           Conj/Pois/Air  7%         N/A       28%         3
 Olgreb's Toxic Radiance  Pois           16%        N/A       30%         4
 Frozen Ramparts          Ice            6%         1d1       43%         3
 Ozocubu's Armour         Ice            3%         N/A       43%         3
 Ice Form                 Ice/Tmut       4%         N/A       78%         4
 Summon Ice Beast         Ice/Summ       3%         N/A       85%         4
 Metabolic Englaciation   Hex/Ice        1%         N/A       99%         5
 Summon Forest            Summ/Tloc      1%         N/A       99%         5
 Summon Mana Viper        Hex/Summ       3%         N/A       99%         5
 Eringya's Noxious Bog    Tmut/Pois      5%         N/A       100%        6
 Simulacrum               Ice/Necr       1%         N/A       100%        6
 Summon Hydra             Summ           1%         N/A       100%        7
 Death's Door             Necr           1%         N/A       100%        9


Dungeon Overview and Level Annotations

Branches:
Dungeon (3/15)

Altars:

Shops:
D:2 *


Innate Abilities, Weirdness & Mutations

Your serpentine skin is tough. (AC +1)
You have supernaturally acute eyesight. (SInv)
Armour fits poorly on your strangely shaped body.
Your system is resistant to poisons. (rPois)
You cover ground very slowly.
You can spit poison.
You have a snake-like lower body.


Message History

You are frozen.
Aiming: Sting (safe; 6% risk of failure)
Press: ? - help, Q - select action, (/) - cycle Shift-Dir - straight line, f - bat
Aim: a bat (57% to hit)
The sting hits the bat.
The bat is poisoned.
The bat is moderately wounded.
The ball python hisses angrily.
The bat hits you. x2
The endoplasm freezes you.
You are frozen.
You kill the bat!
The endoplasm barely misses you. The orc attacks as you move away!
The orc misses you. The endoplasm freezes you.
You are frozen.
The endoplasm attacks as you move away! The endoplasm misses you.
The endoplasm barely misses you. The orc hits you with a +0 club.
The endoplasm attacks as you move away! The endoplasm barely misses you.
The orc attacks as you move away! The orc hits you with a +0 club.
The endoplasm barely misses you. The orc hits you with a +0 club.
There is a stone staircase leading up here.
The endoplasm hits you. The orc completely misses you.
You climb upwards.
There is a stone staircase leading down here.
Aiming: Sting (safe; 6% risk of failure)
Press: ? - help, Q - select action, (/) - cycle Shift-Dir - straight line, f - orc
Aim: an orc, wielding a +0 club (71% to hit)
The sting misses the orc.
The orc hits you with a +0 club. The endoplasm hits you.
* * * LOW HITPOINT WARNING * * *
Aiming: Sting (safe; 6% risk of failure)
Press: ? - help, Q - select action, (/) - cycle Shift-Dir - straight line, f/p - orc
Aim: an orc, wielding a +0 club (71% to hit)
The sting hits the orc.
The orc is poisoned.
The orc is heavily wounded.
The orc hits you with a +0 club.
* * * LOW HITPOINT WARNING * * *
The endoplasm freezes you.
You are frozen.
You die...

####################
#.........#........#
#^........#........#
#......oJ.#........#####
#......@................
#.........#.............
#.........+.............
#.........#.............
#.........#.............
###################.....
########## #≈≈≈≈≈≈≈#.
#≈.....≈##


You could see an orc (poisoned) and an endoplasm.

Vanquished Creatures
  An adder (D:2)
  A worm (D:2)
  7 endoplasms
  2 giant cockroaches
  3 goblins
  4 hobgoblins
  2 jackals (D:1)
  2 quokkas (D:1)
  4 ball pythons (D:1)
  4 bats
  2 frilled lizards
  A kobold (D:1)
  6 rats
39 creatures vanquished.

Notes
Turn   | Place    | Note
-------+----------+-------------------------------------------
     0 | D:1      | quakins the Naga Venom Mage began the quest for the Orb.
     0 | D:1      | Reached XP level 1. HP: 15/15 MP: 3/3
   412 | D:1      | Reached XP level 2. HP: 22/22 MP: 1/5
  1699 | D:1      | Learned a level 2 spell: Poisonous Vapours
  1757 | D:2      | HP: 1/22 [poisoned by an adder]
  1758 | D:2      | Reached XP level 3. HP: 2/28 MP: 1/7
  2149 | D:2      | Found Lorgh's Assorted Antiques.
  2626 | D:2      | Got the Teachings on the Collective Crypt
  3214 | D:2      | Frozen to death by an endoplasm

Illustrated notes

Levels and vault maps discovered:
D:1:      dpeg_arrival_fog, layout_basic
D:2:      layout_basic, serial_shops, shop_fountains, kennysheep_generic_room_11
D:3:      layout_loops_cross, uniq_terence

Skill      XL: |  1  2 |
---------------+-------+-----
Spellcasting   | 3 |  3.8
Dodging        | |  1.5
Stealth        | |  3.0
Transmutations | |  1.0
Poison Magic   | |  4.0

Action                   || total
-------------------------++-------
Melee: Unarmed           ||     6
       Mace              ||     6
 Cast: Sting             ||    77
Armor: Robe              ||    16
Dodge: Dodged            ||    50
